[Event "ICS rated blitz match"]
[Site "164.58.253.13"]
[Date "1997.06.08"]
[Round "-"]
[White "Brause"]
[Black "Torr"]
[Result "1-0"]
[WhiteElo "2329"]
[BlackElo "1939"]
[TimeControl "180+1"]

1. e4 e6 2. d4 d5 3. c4 c6 4. Nc3 Nf6 5. exd5 exd5 6. Bg5 Be7 7. Nf3 O-O 8.
Be2 Nbd7 9. cxd5 Nxd5 10. Bxe7 Nxe7 11. O-O Nb6 12. Re1 Nbd5 13. Bd3 Ng6
14. Nxd5 Qxd5 15. Qc2 Bg4 16. Be4 Qd7 17. Ne5 Qc8 18. Bxg6 hxg6 19. Nxg4
Qxg4 20. Re7 Rab8 21. Qa4 a6 22. Rae1 Rfd8 23. Qb3 Qf5 24. R1e4 b5 25. g4
Qd5 26. Qxd5 Rxd5 27. h3 c5 28. dxc5 Rxc5 29. Ra7 Rc6 30. Ree7 Rf8 31. b3
g5 32. Re5
{Torr forfeits on time} 1-0

[Event "ICS rated blitz match"]
[Site "164.58.253.13"]
[Date "1997.06.22"]
[Round "-"]
[White "Brause"]
[Black "MadSmurf"]
[Result "1-0"]
[WhiteElo "2339"]
[BlackElo "1806"]
[TimeControl "120+12"]

1. e4 e6 2. d4 d5 3. c4 dxe4 4. Nc3 Nf6 5. f3 e3 6. Bxe3 Bb4 7. Bd3 O-O 8.
Ne2 Nc6 9. Qd2 Re8 10. O-O Bf8 11. Ne4 e5 12. d5 Nb4 13. Nxf6+ Qxf6 14. Be4
h6 15. Ng3 Rb8 16. a3 Na6 17. Bxa7 Bc5+ 18. Bxc5 Nxc5 19. Bc2 Qb6 20. Qf2
Qd6 21. b4 Na6 22. Ne4 Qe7 23. b5 f5 24. bxa6 fxe4 25. Qa7 Bf5 26. axb7 Qg5
27. Bxe4 Bh3 28. Rf2 Rf8 29. c5 Rxf3 30. Qxb8+ Rf8 31. Qxf8#
{MadSmurf checkmated} 1-0

[Event "ICS rated blitz match"]
[Site "208.196.3.66"]
[Date "1997.06.30"]
[Round "-"]
[White "Brause"]
[Black "AdamfromEC"]
[Result "1-0"]
[WhiteElo "2621"]
[BlackElo "1966"]
[TimeControl "180+1"]

1. e4 e6 2. d4 d5 3. c4 dxe4 4. Nc3 Nf6 5. f3 exf3 6. Nxf3 c5 7. d5
exd5 8. cxd5 Be7 9. Bb5+ Bd7 10. d6 Bxb5 11. Nxb5 Qa5+ 12. Nc3 Bd8 13.
Qe2+ Kf8 14. O-O g6 15. Bh6+ Kg8 16. Rae1 Nc6 17. Qe8+ Nxe8 18. Rxe8#
{AdamfromEC checkmated} 1-0

[Event "ICS Rated blitz match"]
[Site "192.231.221.16"]
[Date "1997.07.01"]
[Round "-"]
[White "Brause"]
[Black "FutureGM"]
[Result "1/2-1/2"]
[WhiteElo "2595"]
[BlackElo "2654"]
[TimeControl "120+8"]

1. e4 e6 2. d4 d5 3. c4 dxe4 4. Nc3 Nf6 5. f3 Bb4 6. Qa4+ Nc6 7. Be3 O-O 8.
O-O-O Bxc3 9. bxc3 exf3 10. gxf3 a6 11. Bd3 Na7 12. Qc2 b5 13. cxb5 axb5
14. Nh3 b4 15. cxb4 Qd6 16. Bg5 Nd5 17. Bxh7+ Kh8 18. Be4 Qxb4 19. Nf4 Qa3+
20. Qb2 Qxb2+ 21. Kxb2 Bb7 22. Rd3 Ba6 23. Rd2 Rfb8+ 24. Ka1 c6 25. h4 Nb5
26. h5 Nbc3 27. h6 Bc4 28. hxg7+ Kxg7 29. Nh5+ Kf8 30. Nf6 Bxa2 31. Rh8+
Kg7 32. Rxb8 Rxb8 33. Rg2 Ra8 34. Bd2+ Kxf6 35. Bg5+ Kg7 36. Be7+ Kh8 37.
Rh2+ Kg8 38. Rg2+ Kh8 39. Rh2+ Kg7 40. Rg2+ Kh6 41. Rh2+ Kg7 42. Rg2+
{Game drawn by repetition} 1/2-1/2

[Event "ICS rated blitz match"]
[Site "192.231.221.16"]
[Date "1997.07.01"]
[Round "-"]
[White "Brause"]
[Black "Eren"]
[Result "1-0"]
[WhiteElo "2589"]
[BlackElo "1984"]
[TimeControl "180+1"]

1. e4 e6 2. d4 d5 3. c4 dxe4 4. Nc3 Nf6 5. f3 exf3 6. Nxf3 b6 7. Bd3 Bb7 8.
Be3 Be7 9. O-O c5 10. Qe2 cxd4 11. Nxd4 Bc5 12. Nf5 Bxe3+ 13. Qxe3 O-O 14.
Nxg7 Kxg7 15. Qg5+ Kh8 16. Qxf6+ Qxf6 17. Rxf6 Nd7 18. Rh6 f5 19. Rxe6 Rf6
20. Rxf6 Nxf6 21. Bxf5 Rg8 22. g3 Rd8 23. Re1 Rd2 24. Re7 Bf3 25. Rf7 Rg2+
26. Kf1 Rxb2 27. Rxf6 Rxh2 28. Bxh7 Kxh7 29. Rxf3 Rc2 30. Ke1 Rg2 31. Ne2
Rh2 32. Rf7+ Kg6 33. Rxa7
{Eren resigns} 1-0

[Event "ICS rated blitz match"]
[Site "164.58.253.13"]
[Date "1997.07.01"]
[Round "-"]
[White "Brause"]
[Black "orla"]
[Result "1-0"]
[WhiteElo "2299"]
[BlackElo "1259"]
[TimeControl "180+1"]

1. e4 e6 2. d4 d5 3. c4 dxe4 4. Nc3 f5 5. Be2 Nf6 6. Nh3 Bb4 7. O-O Bxc3 8.
bxc3 Nc6 9. Bh5+ g6 10. Be2 b6 11. Bh6 Bb7 12. c5 Qd7 13. cxb6 axb6 14. Bg5
Nd5 15. Qd2 h6 16. Bxh6 O-O-O 17. Bg5 Rdg8 18. c4 Nde7 19. Bf6 Rh7 20. Ng5
Rh6 21. Rae1 e5 22. d5 Nd4 23. Nxe4 fxe4 24. Qxh6 Nef5 25. Qg5 b5 26. Bg4
Rf8 27. Bxe5 bxc4 28. Bxd4 Qxd5 29. Qxg6 Qxd4 30. Bxf5+ Kb8 31. Bxe4 Bxe4
32. Rxe4 Qh8 33. Rb1+ Kc8 34. Qe6+ Kd8 35. Rb8#
{orla checkmated} 1-0

[Event "ICS rated blitz match"]
[Site "164.58.253.13"]
[Date "1997.07.01"]
[Round "-"]
[White "Brause"]
[Black "saxo"]
[Result "1-0"]
[WhiteElo "2306"]
[BlackElo "2015"]
[TimeControl "240+5"]

1. e4 e6 2. d4 d5 3. c4 c5 4. cxd5 exd5 5. Nc3 dxe4 6. Bc4 Nf6 7. Qb3 Qd7
8. Bb5 Nc6 9. d5 Rb8 10. dxc6 bxc6 11. Bxc6 Qxc6 12. Qxb8 Bd6 13. Qb5 Bd7
14. Qxc6 Bxc6 15. Nge2
{saxo resigns} 1-0

[Event "ICS rated blitz match"]
[Site "164.58.253.13"]
[Date "1997.07.02"]
[Round "-"]
[White "Brause"]
[Black "arrocco"]
[Result "1-0"]
[WhiteElo "2319"]
[BlackElo "1710"]
[TimeControl "180+1"]

1. e4 e6 2. d4 d5 3. c4 dxe4 4. Nc3 Nf6 5. f3 b6 6. fxe4 Bb7 7. Bg5 Be7 8.
e5 Nfd7 9. Bxe7 Qxe7 10. Qh5 c5 11. d5 exd5 12. Nxd5 Qxe5+ 13. Qxe5+ Nxe5
14. Nc7+ Kd7 15. Nxa8 Bxa8 16. O-O-O+ Kc7 17. b3 Nbd7 18. Ne2 Nf6 19. Nc3
Re8 20. Rg1 Bc6 21. Be2 Ng6 22. Kc2 Nf4 23. Bf3 Bxf3 24. gxf3 g6 25. Nb5+
Kb8 26. Rge1 Rxe1 27. Rxe1 Ne6 28. Nd6 Nd4+ 29. Kb2 Nxf3 30. Rf1 Nxh2 31.
Rxf6 g5 32. Rxf7 g4 33. Rb7+ Ka8 34. Rxh7 g3 35. Rh8#
{arrocco checkmated} 1-0

[Event "ICS rated blitz match"]
[Site "192.231.221.16"]
[Date "1997.07.02"]
[Round "-"]
[White "Brause"]
[Black "Mus"]
[Result "0-1"]
[WhiteElo "2632"]
[BlackElo "2212"]
[TimeControl "180+1"]

1. e4 e6 2. d4 d5 3. c4 dxe4 4. Nc3 f5 5. Be2 Nf6 6. Bh5+ g6 7. Be2 c6 8.
Nh3 Bg7 9. O-O O-O 10. Bf4 Nbd7 11. Qd2 Qe7 12. Bh6 e5 13. Bxg7 Kxg7
14. d5 cxd5 15. Nxd5 Nxd5 16. cxd5 Qd6 17. Rad1 Nf6 18. Bc4 Bd7 19. Ng5 h6
20. Ne6+ Bxe6 21. dxe6 Qxd2 22. Rxd2 Rfd8 23. Rc2 Rac8 24. Rfc1 Kf8 25. h3
Ke7 26. a4 Rc6 27. b3 Rdc8 28. a5 a6 29. g3 Ne8 30. g4 Nd6 31. gxf5 gxf5
32. Rb2 Nxc4 33. bxc4 R8c7 34. Rcb1 Rxc4 35. Rxb7 Kxe6 36. Rxc7 Rxc7 37.
Rb6+ Kd5 38. Rxa6 f4 39. Rxh6 Rg7+ 40. Kf1 Rc7 41. Rb6 Rc1+ 42. Ke2 Ra1 43.
Rb5+ Ke6 44. Rb2 Kf5 45. Rc2 Rxa5 46. Kf1 Ra8 47. Kg2 Rg8+ 48. Kh1 f3 49.
Rc1 Rg2 50. Rf1 Kf4 51. h4 e3 52. fxe3+ Kxe3 53. Ra1 Kf4 54. Rc1 e4 55. Rc4
Rg4 56. Kh2 Rxh4+ 57. Kg1 Kg3 58. Rc3 Rh8 59. Rb3 Rc8 60. Rb1 e3 61. Kf1
Rh8 62. Kg1 f2+ 63. Kf1 Rh1+ 64. Ke2 Rxb1 65. Kd3 f1=Q+ 66. Kd4 Qf4+ 67.
Kc5 Rd1 68. Kb6 Qd6+ 69. Kb5 Qd2 70. Kb6 Qc2 71. Ka7 Rb1 72. Ka8 Qa2#
{Brause checkmated} 0-1

[Event "ICS rated blitz match"]
[Site "192.231.221.16"]
[Date "1997.07.04"]
[Round "-"]
[White "Brause"]
[Black "MikeBuaizNM"]
[Result "1-0"]
[WhiteElo "2505"]
[BlackElo "2316"]
[TimeControl "180+1"]

1. e4 e6 2. d4 d5 3. c4 dxe4 4. Nc3 Bb4 5. Be3 Nf6 6. Qc2 O-O 7. O-O-O Bxc3
8. Qxc3 a6 9. Be2 b5 10. Nh3 Bb7 11. Kb1 Nc6 12. cxb5 axb5 13. Bxb5 Ne7 14.
Rhe1 c6 15. Bc4 Ned5 16. Qd2 Qb6 17. Rc1 Ba6 18. Bf4 Bxc4 19. Rxc4 Nxf4 20.
Nxf4 Qa6 21. b3 Rfc8 22. Re2 g5 23. Nh3 h6 24. Qc2 Qb6 25. Qc3 Kg7 26. Qe3
Ra3 27. Nxg5 Qb8 28. Rec2 Qxh2 29. Nxe4 Nxe4 30. Qxe4 Qg1+ 31. Rc1 Qxf2 32.
R4c2 Qg3 33. Kb2 Rca8 34. Ra1 R8a6 35. Rxc6 Ra7 36. Rc4 R7a5 37. Rc5 Qf2+
38. Rc2 Qg3 39. Qe2 Qd6 40. Qg4+ Rg5 41. Qe4 Rga5 42. Rc6 Qb4 43. Rc4 Qd2+
44. Rc2 Qb4 45. Qg4+ Rg5 46. Qh4 Raa5 47. Rd1 Qa3+ 48. Kb1 Rgb5 49. Rd3
Rxb3+ 50. Rxb3
{MikeBuaizNM forfeits on time} 1-0

[Event "ICS rated blitz match"]
[Site "192.231.221.16"]
[Date "1997.07.09"]
[Round "-"]
[White "Brause"]
[Black "SpaceAce"]
[Result "1-0"]
[WhiteElo "2520"]
[BlackElo "2209"]
[TimeControl "180+1"]

1. e4 e6 2. d4 d5 3. c4 c6 4. Nc3 Bb4 5. Qg4 Qf6 6. exd5 cxd5 7. cxd5
h5 8. Qe4 Ne7 9. dxe6 Bxe6 10. Qxb7 Bd5 11. Qxb4 O-O 12. Be3 Nbc6 13.
Qa4 Rad8 14. Rc1 Rfe8 15. Nxd5 Nxd5 16. Rxc6 Qf5 17. Ne2 Nxe3 18. fxe3
Rxe3 19. Rc1 Rde8 20. Qc4 Qg5 21. d5 R3e4 22. Qc6 f5 23. d6 f4 24. d7
Qh4+ 25. g3 fxg3 26. dxe8=Q+ Rxe8 27. Qxe8+ Kh7 28. Nxg3 Qb4+ 29. Rc3
Qxb2 30. Qxh5+ Kg8 31. Rc8#
{SpaceAce checkmated} 1-0

[Event "ICS rated blitz match"]
[Site "192.231.221.16"]
[Date "1997.07.09"]
[Round "-"]
[White "Brause"]
[Black "DoctorWu"]
[Result "1-0"]
[WhiteElo "2503"]
[BlackElo "2201"]
[TimeControl "180+1"]

1. e4 e6 2. d4 d5 3. c4 dxe4 4. Nc3 Nf6 5. f3 Be7 6. fxe4 O-O 7. Nf3
b6 8. Bd3 Bb7 9. O-O c6 10. a3 a6 11. Bf4 c5 12. d5 exd5 13. exd5 Bd6
14. Ne5 b5 15. cxb5 axb5 16. Bxb5 c4 17. Qd4 Na6 18. Bxa6 Rxa6 19.
Nxc4 Bxf4 20. Rxf4 Re8 21. Rd1 Bxd5 22. Nxd5 Nxd5 23. Qxd5 Qb8 24.
Qxf7+ Kh8 25. Rfd4 Rf8 26. Qxf8+ Qxf8 27. Rd8 Rf6 28. Rxf8+ Rxf8 29.
b4 h6 30. b5 Rc8 31. b6 Rb8 32. Rd7 Kh7 33. a4 Ra8 34. a5 Rc8 35. b7
Rxc4 36. b8=Q Rc1+ 37. Kf2 Rc2+ 38. Ke3 Rc3+ 39. Kd2 Ra3 40. Qb1+ Kg8
41. Rd8+ Kf7 42. Qf5+ Ke7 43. Rd7+ Ke8 44. Qf7#
{DoctorWu checkmated} 1-0

[Event "ICS Rated blitz match"]
[Site "192.231.221.16"]
[Date "1997.07.11"]
[Round "-"]
[White "Brause"]
[Black "evbad"]
[Result "1-0"]
[WhiteElo "2589"]
[BlackElo "2355"]
[TimeControl "120+12"]

1. e4 e6 2. d4 d5 3. c4 dxe4 4. Nc3 Nf6 5. f3 exf3 6. Nxf3 Be7 7. Bd3
O-O 8. O-O b6 9. Bf4 Bb7 10. Nb5 Bd6 11. Nxd6 cxd6 12. Qe2 d5 13. Rad1
Nbd7 14. Rc1 Rc8 15. b3 Ne4 16. cxd5 exd5 17. Rxc8 Qxc8 18. Rc1 Qa8
19. Rc7 Ndf6 20. Ne5 h6 21. Ba6 Bc8 22. Bxc8 Rxc8 23. Rxf7 a5 24. Qb2
Nd6 25. Re7 b5 26. Nd7 Nxd7 27. Bxd6 Qc6 28. Qf2 Rf8 29. Qg3 Rf7 30.
Re8+ Nf8 31. Qe5 Qc1+ 32. Qe1 Qxe1+ 33. Rxe1 Rd7 34. Bc5 Nh7 35. Re8+
Kf7 36. Rb8 a4 37. b4 Nf6 38. Rxb5 Ne4 39. Ra5 Nc3 40. b5
{evbad resigns} 1-0